 Dungeon Crawl Stone Soup version 0.21.1-1-g345015f (webtiles) character file.

536 tidbits the Charmwright (level 7, 6/56 HPs)
             Began as a Gnoll Skald on June 20, 2018.
             Quit the game on level 7 of the Dungeon.
             The game lasted 00:05:48 (648 turns).

tidbits the Charmwright (Gnoll Skald)                Turns: 648, Time: 00:05:49

Health: 6/56       AC:  4    Str: 14    XL:     7   Next: 25%
Magic:  10/24      EV: 14    Int: 13    God:
Gold:   83         SH:  0    Dex: 14    Spells: 6/17 levels left

rFire    . . .     SeeInvis +   j - +5 rapier of the Jolly Wars {venom, rPois MP+9 Int-4 SInv}
rCold    . . .     Gourm    .   (no shield)
rNeg     . . .     Faith    .   b - +0 leather armour
rPois    +         Spirit   .   (no helmet)
rElec    .         Reflect  .   (no cloak)
rCorr    .         Harm     .   (no gloves)
MR       .....                  F - +0 pair of boots (curse)
Stlth    ++........             (no amulet)
HPRegen  0.18/turn              (no ring)
MPRegen  0.19/turn              (no ring)

@: singing, starving
A: distributed training, fangs 1, strong nose
a: no special abilities


You were on level 7 of the Dungeon.
You were starving.

You visited 1 branch of the dungeon, and saw 7 of its levels.

You collected 83 gold pieces.

Inventory:

Hand Weapons
 a - a +0 hand axe
 j - the +5 rapier of the Jolly Wars (weapon) {venom, rPois MP+9 Int-4 SInv}
   (You found it on level 5 of the Dungeon)

   It poisons the flesh of those it strikes.
   It affects your intelligence (-4).
   It protects you from poison.
   It affects your magic capacity (+9).
   It lets you see invisible.
 k - a +1 dagger of protection
   (You took it off an orc wizard on level 6 of the Dungeon)
Armour
 b - a +0 leather armour (worn)
 F - a cursed +0 pair of boots (worn)
Scrolls
 f - 4 scrolls of identify {unknown}
 g - a scroll of fog {unknown}
 h - 2 scrolls of enchant armour {unknown}
 i - 3 scrolls of remove curse {unknown}
Books
 c - a book of Battle

   Spells                             Type                      Level
   a - Infusion                       Charms                       1
   b - Shroud of Golubria             Charms/Translocation         2
   c - Song of Slaying                Charms                       2
   d - Spectral Weapon                Hexes/Charms                 3
   e - Regeneration                   Charms/Necromancy            3
Comestibles
 d - 6 rations


   Skills:
 + Level 5.1 Fighting
 + Level 2.3 Short Blades
 + Level 2.3 Long Blades
 + Level 5.1 Axes
 + Level 2.3 Maces & Flails
 + Level 2.3 Polearms
 + Level 2.3 Staves
 + Level 2.3 Slings
 + Level 2.3 Bows
 + Level 2.3 Crossbows
 + Level 2.3 Throwing
 + Level 3.5 Armour
 + Level 5.1 Dodging
 + Level 2.3 Stealth
 + Level 2.3 Shields
 + Level 2.3 Unarmed Combat
 + Level 5.5 Spellcasting
 + Level 1.9 Conjurations
 + Level 1.9 Hexes
 + Level 5.8 Charms
 + Level 1.9 Summonings
 + Level 1.9 Necromancy
 + Level 1.9 Translocations
 + Level 1.9 Transmutations
 + Level 1.9 Fire Magic
 + Level 1.9 Ice Magic
 + Level 1.9 Air Magic
 + Level 1.9 Earth Magic
 + Level 1.9 Poison Magic
 + Level 2.5 Invocations
 + Level 2.3 Evocations


You had 6 spell levels left.
You knew the following spells:

 Your Spells              Type           Power        Failure   Level  Hunger
g - Shroud of Golubria    Chrm/Tloc      ##........   7%          2    ##.....
i - Infusion              Chrm           ###.         1%          1    None
r - Regeneration          Chrm/Necr      ##........   13%         3    ###....
w - Spectral Weapon       Hex/Chrm       ##......     13%         3    ###....
y - Song of Slaying       Chrm           ###.....     3%          2    ##.....


Dungeon Overview and Level Annotations

Branches:
Dungeon (7/15)
 Temple: D:4-7

Altars:

Annotations:
D:7 Prince Ribbit


Innate Abilities, Weirdness & Mutations

Your experience applies equally to all skills.
You have very sharp teeth.
Your uncanny sense of smell can sniff out nearby items.


Message History

Your skin stops crawling.
The sky beast flickers out of sight for a moment.
Casting: Regeneration
Confirm with . or Enter, or press ? or * to list all spells.
You draw out your weapon's spirit!
The bullfrog zombie hits your spectral weapon.
Your spectral weapon shares its damage with you!
Casting: Spectral Weapon
Confirm with . or Enter, or press ? or * to list all spells.
You start singing a song of slaying.
You hear a croak.
The bullfrog zombie barely misses your spectral weapon.
The sky beast hits your spectral weapon.
Your spectral weapon shares its damage with you!
The sky beast shocks your spectral weapon.
Your spectral weapon resists.
Your spectral weapon shares its damage with you!
The bullfrog zombie misses you. The sky beast hits you.
The sky beast shocks you.
* * * LOW HITPOINT WARNING * * *
The bullfrog zombie hits you.
* * * LOW HITPOINT WARNING * * *
Found 2 scrolls labeled HOEVVE OTYNTOI.
Unknown command.
You puncture the bullfrog zombie!
The bullfrog zombie is moderately damaged.
Your spectral weapon barely misses the bullfrog zombie.
The sky beast closely misses you. The bullfrog zombie barely misses you.
The sky beast closely misses you.
You puncture the bullfrog zombie!
The bullfrog zombie is severely damaged.
Your spectral weapon hits the bullfrog zombie!
The bullfrog zombie hits you.
* * * LOW HITPOINT WARNING * * *
The sky beast flickers out of sight for a moment.
The sky beast closely misses you. The bullfrog zombie hits you.
* * * LOW HITPOINT WARNING * * *
Prince Ribbit comes into view.
You puncture the bullfrog zombie!
You destroy the bullfrog zombie!
The sky beast hits you.
* * * LOW HITPOINT WARNING * * *
The sky beast shocks you.
* * * LOW HITPOINT WARNING * * *
It was a potion of heal wounds.
You feel much better.
A hungry ghost opens the door.
The sky beast closely misses you.
Unknown command.
You puncture the sky beast!
The sky beast is moderately wounded.
Prince Ribbit misses you. The sky beast hits you. The sky beast shocks you.
You closely miss the sky beast.
The sky beast is moderately wounded.
Prince Ribbit hits you but does no damage.
The sky beast barely misses you. Prince Ribbit barely misses you.
You hit Prince Ribbit.
Prince Ribbit is poisoned.
Prince Ribbit is lightly wounded.
Your spectral weapon hits Prince Ribbit!
Prince Ribbit completely misses your spectral weapon.
The sky beast closely misses you.
You barely miss the sky beast.
The sky beast is moderately wounded.
Prince Ribbit misses you. The hungry ghost hits you.
You are feeling very hungry.
The sky beast hits you but does no damage.
Prince Ribbit hits you.
* * * LOW HITPOINT WARNING * * *
You closely miss the sky beast.
You bite the sky beast, but do no damage.
The sky beast is moderately wounded.
The hungry ghost hits you.
You are near starving!
Prince Ribbit hits you!
* * * LOW HITPOINT WARNING * * *
The sky beast misses you.
You hit the sky beast but do no damage.
The sky beast is poisoned.
The sky beast is moderately wounded.
Prince Ribbit completely misses you. The hungry ghost misses you.
The sky beast barely misses you.
Prince Ribbit blinks!
You barely miss the sky beast.
The sky beast is moderately wounded.
The hungry ghost hits you.
* * * LOW HITPOINT WARNING * * *
You feel somewhat more hungry. The sky beast barely misses you.
The hungry ghost hits you.
* * * LOW HITPOINT WARNING * * *
You are starving!
You hit the sky beast.
The sky beast looks as sick as possible!
The sky beast is heavily wounded.
Prince Ribbit croaks regally.
Prince Ribbit hits you.
* * * LOW HITPOINT WARNING * * *
The sky beast misses you.
You hear a distant slurping noise.
Prince Ribbit hits you.
* * * LOW HITPOINT WARNING * * *
The hungry ghost misses you.
You aren't carrying any potions.
Unknown command.
Are you sure you want to abandon this character and quit the game? (Confirm with "yes".)

### #.##
#FY## ∆
#(@W##
#....#
#<...'..
#....###..
#...#....
#..##?...
#.## ...
### ##.


You could see Prince Ribbit, a hungry ghost, a sky beast (invisible) and a
friendly spectral rapier of the Jolly Wars {venom, rPois MP+9 Int-4 SInv}.

Vanquished Creatures
  A hippogriff (D:6)
  A phantom (D:4)
  An ogre (D:4)
  A bullfrog zombie (D:7)
  A hound (D:5)
  A bullfrog skeleton (D:5)
  2 orc wizards
  2 adders
  3 dart slugs
  2 leopard geckos (D:1)
  An orc (D:4)
  2 giant cockroaches
  A goblin (D:3)
  A hobgoblin (D:1)
  3 jackals (D:2)
  2 quokkas (D:3)
  2 ball pythons (D:5)
  2 bats (D:3)
29 creatures vanquished.

Vanquished Creatures (others)
  A spectral weapon (D:6)
1 creature vanquished.

Grand Total: 30 creatures vanquished

Notes
Turn   | Place    | Note
-------+----------+-------------------------------------------
     0 | D:1      | tidbits the Gnoll Skald began the quest for the Orb.
     0 | D:1      | Reached XP level 1. HP: 20/20 MP: 6/6
    76 | D:1      | Reached XP level 2. HP: 26/26 MP: 3/7
    82 | D:1      | Learned a level 2 spell: Song of Slaying
    85 | D:1      | Learned a level 2 spell: Shroud of Golubria
   170 | D:2      | Reached XP level 3. HP: 27/31 MP: 0/9
   175 | D:2      | Learned a level 3 spell: Regeneration
   179 | D:2      | Learned a level 3 spell: Spectral Weapon
   219 | D:3      | Reached skill level 5 in Spellcasting
   258 | D:3      | Reached skill level 1 in Invocations
   303 | D:4      | Noticed an ogre
   313 | D:4      | Killed an ogre
   313 | D:4      | Reached skill level 1 in Short Blades
   313 | D:4      | Reached skill level 1 in Long Blades
   313 | D:4      | Reached skill level 1 in Maces & Flails
   313 | D:4      | Reached skill level 1 in Polearms
   313 | D:4      | Reached skill level 1 in Staves
   313 | D:4      | Reached skill level 1 in Slings
   313 | D:4      | Reached skill level 1 in Bows
   313 | D:4      | Reached skill level 1 in Crossbows
   313 | D:4      | Reached skill level 1 in Throwing
   313 | D:4      | Reached skill level 1 in Stealth
   313 | D:4      | Reached skill level 1 in Shields
   313 | D:4      | Reached skill level 1 in Unarmed Combat
   313 | D:4      | Reached skill level 1 in Conjurations
   313 | D:4      | Reached skill level 1 in Hexes
   313 | D:4      | Reached skill level 1 in Summonings
   313 | D:4      | Reached skill level 1 in Necromancy
   313 | D:4      | Reached skill level 1 in Translocations
   313 | D:4      | Reached skill level 1 in Transmutations
   313 | D:4      | Reached skill level 1 in Fire Magic
   313 | D:4      | Reached skill level 1 in Ice Magic
   313 | D:4      | Reached skill level 1 in Air Magic
   313 | D:4      | Reached skill level 1 in Earth Magic
   313 | D:4      | Reached skill level 1 in Poison Magic
   313 | D:4      | Reached skill level 1 in Evocations
   313 | D:4      | Reached XP level 4. HP: 13/38 MP: 1/11
   313 | D:4      | Reached XP level 5. HP: 15/43 MP: 1/12
   362 | D:4      | Noticed a phantom
   397 | D:4      | HP: 3/43 [phantom (4)]
   399 | D:4      | Killed a phantom
   399 | D:4      | Reached skill level 3 in Armour
   399 | D:4      | Reached skill level 2 in Invocations
   399 | D:4      | Reached XP level 6. HP: 4/50 MP: 1/13
   439 | D:5      | Entered Level 5 of the Dungeon
   474 | D:5      | Got an ivory rapier
   475 | D:5      | Identified the +5 rapier of the Jolly Wars {venom, rPois MP+9 Int-4 SInv} (You found it on level 5 of the Dungeon)
   576 | D:6      | Noticed a hippogriff
   584 | D:6      | HP: 2/50 [hippogriff (4)]
   585 | D:6      | Killed a hippogriff
   585 | D:6      | Reached skill level 5 in Fighting
   585 | D:6      | Reached skill level 2 in Short Blades
   585 | D:6      | Reached skill level 2 in Long Blades
   585 | D:6      | Reached skill level 5 in Axes
   585 | D:6      | Reached skill level 2 in Maces & Flails
   585 | D:6      | Reached skill level 2 in Polearms
   585 | D:6      | Reached skill level 2 in Staves
   585 | D:6      | Reached skill level 2 in Slings
   585 | D:6      | Reached skill level 2 in Bows
   585 | D:6      | Reached skill level 2 in Crossbows
   585 | D:6      | Reached skill level 2 in Throwing
   585 | D:6      | Reached skill level 5 in Dodging
   585 | D:6      | Reached skill level 2 in Stealth
   585 | D:6      | Reached skill level 2 in Shields
   585 | D:6      | Reached skill level 2 in Unarmed Combat
   585 | D:6      | Reached skill level 2 in Evocations
   585 | D:6      | Reached XP level 7. HP: 2/56 MP: 15/15
   638 | D:7      | Noticed Prince Ribbit
   640 | D:7      | Noticed a hungry ghost
   648 | D:7      | Quit the game

Skill      XL: |  1  2  3  4  5  6 |
---------------+-------------------+-----
Spellcasting   | 5 |  5.5
Invocations    | 1 2 |  2.5
Short Blades   | 1 2 |  2.3
Long Blades    | 1 2 |  2.3
Maces & Flails | 1 2 |  2.3
Polearms       | 1 2 |  2.3
Staves         | 1 2 |  2.3
Slings         | 1 2 |  2.3
Bows           | 1 2 |  2.3
Crossbows      | 1 2 |  2.3
Throwing       | 1 2 |  2.3
Stealth        | 1 2 |  2.3
Shields        | 1 2 |  2.3
Unarmed Combat | 1 2 |  2.3
Conjurations   | 1 |  1.9
Hexes          | 1 |  1.9
Summonings     | 1 |  1.9
Necromancy     | 1 |  1.9
Translocations | 1 |  1.9
Transmutations | 1 |  1.9
Fire Magic     | 1 |  1.9
Ice Magic      | 1 |  1.9
Air Magic      | 1 |  1.9
Earth Magic    | 1 |  1.9
Poison Magic   | 1 |  1.9
Evocations     | 1 2 |  2.3
Armour         | 3 |  3.5
Fighting       | 5 |  5.1
Axes           | 5 |  5.1
Dodging        | 5 |  5.1
Charms         | |  5.8

Action                   |  1- 3 |  4- 6 |  7- 9 || total
-------------------------+-------+-------+-------++-------
Melee: Hand axe          |    42 |    20 |       ||    62
       Bite              |     7 |     4 |     2 ||    13
       Rapier            |       |     9 |    14 ||    23
 Cast: Infusion          |     4 |       |       ||     4
       Song of Slaying   |     2 |     1 |     1 ||     4
       Spectral Weapon   |     3 |     5 |     2 ||    10
       Shroud of Golubri |     1 |     2 |       ||     3
       Regeneration      |       |     2 |     3 ||     5
  Use: Potion            |       |       |     1 ||     1
Armor: Leather armour    |     9 |     3 |     4 ||    16
Dodge: Dodged            |    29 |    14 |    19 ||    62

Table legend:
 A = Turns spent in this place as a percentage of turns spent in the entire game.
 B = Non-inter-level travel turns spent in this place as a percentage of non-inter-level travel turns spent in the entire game.
 C = Inter-level travel turns spent in this place as a percentage of turns spent in this place.
 D = Turns resting spent in this place as a percentage of non-inter-level travel turns spent in this place.
 E = Turns spent auto-exploring this place as a percentage of non-inter-level travel turns spent in this place.
 F = Non-inter-level travel turns spent in this place divided by the number of levels of this place that you've seen.
                   A       B       C       D       E      F
               +-------+-------+-------+-------+-------+----------------------
         Total | 100.0 | 100.0 |   0.0 |   0.0 |   0.0 |  92.6
       Dungeon | 100.0 | 100.0 |   0.0 |   0.0 |   0.0 |  92.6
               +-------+-------+-------+-------+-------+----------------------

Table legend:
 A = Kills in this place as a percentage of kills in entire the game.
 B = Kills by you in this place as a percentage of kills by you in the entire game.
 C = Kills by friends in this place as a percentage of kills by friends in the entire game.
 D = Other kills in this place as a percentage of other kills in the entire game.
 E = Experience gained in this place as a percentage of experience gained in the entire game.
 F = Experience gained in this place divided by the number of levels of this place that you have seen.
                   A       B       C       D       E      F
               +-------+-------+-------+-------+-------+----------------------
         Total | 100.0 | 100.0 |   N/A |   N/A | 100.0 | 109.4
       Dungeon | 100.0 | 100.0 |   N/A |   N/A | 100.0 | 109.4
               +-------+-------+-------+-------+-------+----------------------

Vault maps used:
D:1:      tarquinn_simple_flora_water_a, minmay_pentomino_v2
D:2:      dancing_weapons_uskayaw, tgw_xom, uniq_jessica
D:3:      first_ration
D:4:      okawaru_ov_weapons_minmay
D:5:      minmay_fountain_box, palyth_stone_intersect, minmay_misc_feat_plants,
          trog_book
D:6:      kennysheep_mini_moat, grunt_temple_overflow_octagram,
          lemuel_zombie_altar_kikubaaqudgha, uniq_sigmund
D:7:      kennysheep_little_box, minmay_temple_entry_mist,
          makhleb_heckhound_becter, uniq_crazy_yiuf_cottage, uniq_prince_ribbit1
